Canadiens vs Kraken

Created - 25 février 2024 at 08:04

Goals
1 2 3 T
Canadiens 1 1 1 3
Kraken 1 0 0 1
Shots
1 2 3 T
Canadiens 8 2 14 24
Kraken 8 8 10 26

GoalsPenalties
1st period
1. Kraken , Vladimir Tarasenko 22 (David Perron 35, Barclay Goodrow 22) at 7:03 (PP)
2. Canadiens , Brandon Hagel 29 (Matt Duchene 31, Mathew Barzal 9) at 12:27
Ryan Nugent-Hopkins (MTL) for Interference (Minor) at 6:04
Ian Cole (SEA) for Hooking (Minor) at 7:22
Justin Holl (SEA) for Fighting (Major) at 15:07
Ryan Nugent-Hopkins (MTL) for Fighting (Major) at 15:07
2nd period
3. Canadiens , Ryan Nugent-Hopkins 19 (Matthew Tkachuk 41, Brandon Hagel 39) at 10:04
Jonas Siegenthaler (MTL) for Hooking (Minor) at 5:09
Ryan Hartman (SEA) for Holding (Minor) at 5:38
3rd period
4. Canadiens , Brandon Hagel 30 (Justin Faulk 34) at 1:15
Ryan Nugent-Hopkins (MTL) for Hooking (Minor) at 3:15
Ryan Nugent-Hopkins (MTL) for Hooking (Minor) at 12:12
Goalie Stats
Linus Ullmark (MTL), 25 saves from 26 shots - (0,962), W, 37-23-7, 60:00 minutes
Frederik Andersen (SEA), 21 saves from 24 shots - (0,875), L, 33-24-4, 60:00 minutes
3 StarsOfficial
1 - Brandon Hagel (MTL)
2 - Linus Ullmark (MTL)
3 - Matt Duchene (MTL)
Referees : Jordan Samuels-Thomas and Kelly Cooke
Linesman : Justin Johnson and Meghan Mallette
Game Note
Justin Holl beats up Ryan Nugent-Hopkins at 15:07 of 1st period
Finance
Level 1 -- Attendance: 4637 (77%) -- Ticket Income $463,700
Level 2 -- Attendance: 3616 (72%) -- Ticket Income $216,960
Level 3 -- Attendance: 2000 (100%) -- Ticket Income $70,000
Level 4 -- Attendance: 2327 (58%) -- Ticket Income $58,175
Luxury Box -- Attendance: 1000 (100%) -- Ticket Income $200,000
Game was played at the Climate Pledge Arena.
Total Attendance: 13580 (75%)
Total Ticket Income: $1,008,835
Other Income: $302,650
Total Income: $1,311,485



Team Name Goals Shots Shots Attemp Shots Blocked PIM HIT PP PK FO%
Canadiens 324521313210 / 2 (0%)155%
Kraken 12658119221 / 4 (25%)045%

Canadiens
Player Name POS G A P +/- PIM HIT SHT SB MP PP MP PP SHT PK MP PK SHT FO% FOT GA TA
Andrew MangiapaneLW/RW0000010014:030:0000:120100% 110
Blake ColemanLW/RW0000020113:050:0000:0000% 000
Brandon HagelLW2132036118:231:1803:181100% 201
Elias LindholmC0001001022:261:1003:18055% 2900
Jake WalmanD0001000114:050:0000:0000% 000
Jonas SiegenthalerD0002202022:301:3201:3500% 001
Justin FaulkD0112000325:451:0703:5100% 010
Juuso ValimakiD000000000:000:0000:0000% 000
K'Andre MillerD0000022120:060:5701:3510% 001
Mathew BarzalC/RW0112012020:171:1800:3400% 001
Matias MaccelliLW000001037:200:0000:0000% 001
Matt DucheneC/RW0112044016:311:1800:00044% 1611
Matthew TkachukRW0111021220:011:1000:0000% 020
Max DomiC/LW0000011115:560:0001:56067% 311
Noel AcciariC/RW000001008:390:0001:34050% 200
Ryan Nugent-HopkinsC/LW10111112016:181:0910:0000% 010
Vladislav GavrikovD0000023023:250:5703:5110% 001
Zach WerenskiD0001000014:090:2400:0000% 001
Kraken
Player Name POS G A P +/- PIM HIT SHT SB MP PP MP PP SHT PK MP PK SHT FO% FOT GA TA
Alexei ToropchenkoLW/RW000000006:170:0500:0900% 000
Barclay GoodrowC/LW011-1010020:301:3901:13038% 812
Brad HuntD000000002:000:0000:0600% 000
Christopher TanevD000-1021123:412:5601:1600% 000
Connor MurphyD000-1010112:460:0000:3800% 001
Curtis LazarC/RW0000010012:590:0000:0000% 010
David PerronLW/RW011-1001019:022:1300:00050% 200
Ian ColeD000-1231123:212:5600:0000% 001
Jonas BrodinD000-1042123:202:3001:0600% 010
Justin HollD000-1501111:310:0000:0000% 000
Oliver BjorkstrandLW/RW000-2023121:183:1301:0600% 310
Patrice BergeronC/LW000-2028124:353:1301:06046% 2820
Radek FaksaC/LW0000001014:350:0001:130100% 410
Ryan HartmanC/RW000-2242223:213:4100:00067% 311
Ryan PoehlingC/LW000000000:370:0000:0000% 000
Seth JonesD000-1000124:042:3001:5000% 001
Vladimir TarasenkoRW101-1011119:072:1310:09033% 310
Warren FoegeleLW/RW0000015012:550:0000:0000% 201

Canadiens

5 vs 5 Forward
Line #Left WingCenterRight WingPHYDFOFWanted %Time %Time Play
1Ryan Nugent-HopkinsElias LindholmMatthew Tkachuk1224233%16:37
2Brandon HagelMatt DucheneMathew Barzal1223528%13:58
3Andrew MangiapaneMax DomiBlake Coleman1221926%12:58
4Matias MaccelliNoel AcciariMathew Barzal122414%7:03
5 vs 5 Defense
Line #DefenseDefensePHYDFOFWanted %Time %Time Play
1Justin FaulkJonas Siegenthaler1224138%19:06
2K'Andre MillerVladislav Gavrikov1223635%17:29
3Jake WalmanZach Werenski1221827%13:45
4Justin FaulkJonas Siegenthaler12251%0:16
Power Play Forward
Line #Left WingCenterRight WingPHYDFOFWanted %Time %Time Play
1Ryan Nugent-HopkinsElias LindholmMatthew Tkachuk1137047%1:10
2Brandon HagelMathew BarzalMatt Duchene0143053%1:18
Power Play Defense
Line #DefenseDefensePHYDFOFWanted %Time %Time Play
1Justin FaulkJonas Siegenthaler1136561%1:31
2K'Andre MillerVladislav Gavrikov1133539%0:57
Penalty Kill 4 Players Forward
Line #CenterWingPHYDFOFWanted %Time %Time Play
1Elias LindholmBrandon Hagel1316592%5:01
2Noel AcciariRyan Nugent-Hopkins131358%0:25
Penalty Kill 4 Players Defense
Line #DefenseDefensePHYDFOFWanted %Time %Time Play
1Vladislav GavrikovJustin Faulk1316571%3:51
2K'Andre MillerJonas Siegenthaler1313529%1:35
Penalty Kill 3 Players
Line #WingPHYDFOFWanted %Time %Time PlayDefenseDefensePHYDFOFWanted %Time %Time Play
1Elias Lindholm140580%0:00 Vladislav GavrikovJonas Siegenthaler140600%0:00
2Brandon Hagel140420%0:00 K'Andre MillerJustin Faulk140400%0:00
4 vs 4 Forward
Line #CenterWingPHYDFOFWanted %Time %Time Play
1Elias LindholmMatthew Tkachuk1226077%1:09
2Matt DucheneRyan Nugent-Hopkins1224023%0:21
4 vs 4 Defense
Line #DefensePHYDFOFWanted %Time %Time Play
1Justin FaulkJonas Siegenthaler1226594%65% - 1:25
2K'Andre MillerVladislav Gavrikov122356%35% - 0:05
Last Minutes Offensive
Left WingCenterRight WingDefenseDefense
Ryan Nugent-HopkinsElias LindholmMatthew TkachukJustin FaulkJonas Siegenthaler
Last Minutes Defensive
Left WingCenterRight WingDefenseDefense
Brandon HagelElias LindholmNoel AcciariVladislav GavrikovK'Andre Miller
Time
Total ForwardTotal DefenseLast Minutes OffensiveLast Minutes Defensive
60:00 60:00 0:000:00
Extra Forwards
Normal PowerPlayPenalty Kill
Matt Duchene, Andrew Mangiapane, Mathew BarzalMatt Duchene, Andrew MangiapaneNoel Acciari
Extra Defensemen
Normal PowerPlayPenalty Kill
Vladislav Gavrikov, Jake Walman, Zach WerenskiVladislav Gavrikov, Justin FaulkJake Walman
Penalty Shots
Matthew Tkachuk, Brandon Hagel, Ryan Nugent-Hopkins, Elias Lindholm, Andrew Mangiapane
Goalie
Linus Ullmark, Ukko-Pekka Luukkonen
Scratches
None

Kraken

5 vs 5 Forward
Line #Left WingCenterRight WingPHYDFOFWanted %Time %Time Play
1Oliver BjorkstrandPatrice BergeronRyan Hartman0234033%16:30
2David PerronBarclay GoodrowVladimir Tarasenko0233033%16:48
3Warren FoegeleRadek FaksaCurtis Lazar1222026%12:55
4Alexei ToropchenkoPatrice BergeronRyan Hartman122109%4:23
5 vs 5 Defense
Line #DefenseDefensePHYDFOFWanted %Time %Time Play
1Ian ColeChristopher Tanev0324035%17:56
2Jonas BrodinSeth Jones0324038%19:21
3Connor MurphyJustin Holl0322025%12:41
4Ian ColeChristopher Tanev13101%0:38
Power Play Forward
Line #Left WingCenterRight WingPHYDFOFWanted %Time %Time Play
1Oliver BjorkstrandPatrice BergeronRyan Hartman0056059%3:13
2David PerronRyan HartmanVladimir Tarasenko0054041%2:13
Power Play Defense
Line #DefenseDefensePHYDFOFWanted %Time %Time Play
1Ian ColeChristopher Tanev0236054%2:56
2Jonas BrodinSeth Jones0234046%2:30
Penalty Kill 4 Players Forward
Line #CenterWingPHYDFOFWanted %Time %Time Play
1Patrice BergeronOliver Bjorkstrand1315045%1:06
2Barclay GoodrowRadek Faksa1315055%1:22
Penalty Kill 4 Players Defense
Line #DefenseDefensePHYDFOFWanted %Time %Time Play
1Ian ColeChristopher Tanev0325055%1:22
2Jonas BrodinSeth Jones0325045%1:06
Penalty Kill 3 Players
Line #WingPHYDFOFWanted %Time %Time PlayDefenseDefensePHYDFOFWanted %Time %Time Play
1Barclay Goodrow050500%0:00 Ian ColeChristopher Tanev050600%0:00
2Radek Faksa050500%0:00 Jonas BrodinSeth Jones050400%0:00
4 vs 4 Forward
Line #CenterWingPHYDFOFWanted %Time %Time Play
1Patrice BergeronOliver Bjorkstrand0145050%0:45
2Barclay GoodrowDavid Perron0145050%0:45
4 vs 4 Defense
Line #DefensePHYDFOFWanted %Time %Time Play
1Ian ColeChristopher Tanev0325074%50% - 1:07
2Jonas BrodinSeth Jones0325026%50% - 0:23
Last Minutes Offensive
Left WingCenterRight WingDefenseDefense
Oliver BjorkstrandPatrice BergeronRyan HartmanIan ColeChristopher Tanev
Last Minutes Defensive
Left WingCenterRight WingDefenseDefense
Barclay GoodrowPatrice BergeronOliver BjorkstrandIan ColeChristopher Tanev
Time
Total ForwardTotal DefenseLast Minutes OffensiveLast Minutes Defensive
60:00 60:00 0:000:00
Extra Forwards
Normal PowerPlayPenalty Kill
Vladimir Tarasenko, Barclay Goodrow, Radek FaksaVladimir Tarasenko, Barclay GoodrowVladimir Tarasenko
Extra Defensemen
Normal PowerPlayPenalty Kill
Seth Jones, Connor Murphy, Justin HollSeth Jones, Seth JonesConnor Murphy
Penalty Shots
Patrice Bergeron, Oliver Bjorkstrand, David Perron, Ryan Hartman, Vladimir Tarasenko
Goalie
Frederik Andersen, Matt Murray
Scratches
None


Play-by-Play

1st period


0:01 of 1st period - Patrice Bergeron wins face-off versus Elias Lindholm in neutral zone.
1:24 of 1st period - Slapshot by Max Domi.
1:24 of 1st period - Stopped by Frederik Andersen without a rebound.
1:25 of 1st period - Elias Lindholm wins face-off versus Warren Foegele in Kraken zone.
1:28 of 1st period - Slapshot by Ryan Nugent-Hopkins.
1:28 of 1st period - Shot Blocked by Jonas Brodin.
2:21 of 1st period - Snap shot by Andrew Mangiapane.
2:21 of 1st period - Shot Blocked by Patrice Bergeron.
3:40 of 1st period - Patrice Bergeron is hit by Matthew Tkachuk and loses puck.
4:03 of 1st period - Seth Jones is hit by Blake Coleman and loses puck.
4:22 of 1st period - K'Andre Miller is hit by Curtis Lazar and loses puck.
4:42 of 1st period - Icing by Justin Holl.
4:43 of 1st period - Noel Acciari wins face-off versus Patrice Bergeron in Kraken zone.
5:08 of 1st period - Christopher Tanev is hit by Noel Acciari and loses puck.
5:54 of 1st period - Off-side.
5:55 of 1st period - Radek Faksa wins face-off versus Elias Lindholm in neutral zone.
6:02 of 1st period - Slapshot by Radek Faksa.
6:02 of 1st period - Shot Misses the Net.
6:04 of 1st period - Minor Penalty to Ryan Nugent-Hopkins for Interference.
6:05 of 1st period - Elias Lindholm wins face-off versus Patrice Bergeron in Canadiens zone.
6:36 of 1st period - Brandon Hagel is hit by Ryan Hartman and loses puck.
7:03 of 1st period - Snap shot by Vladimir Tarasenko.
7:03 of 1st period - Goal by Vladimir Tarasenko - Canadiens : 0 - Kraken : 1.
7:04 of 1st period - Matt Duchene wins face-off versus Barclay Goodrow in neutral zone.
7:09 of 1st period - Snap shot by Matt Duchene.
7:09 of 1st period - Stopped by Frederik Andersen with a rebound.
7:15 of 1st period - Snap shot by Brandon Hagel.
7:15 of 1st period - Stopped by Frederik Andersen without a rebound.
7:16 of 1st period - Matt Duchene wins face-off versus Patrice Bergeron in Kraken zone.
7:22 of 1st period - Minor Penalty to Ian Cole for Hooking.
7:23 of 1st period - Elias Lindholm wins face-off versus Patrice Bergeron in Kraken zone.
7:27 of 1st period - Slapshot by Ryan Nugent-Hopkins.
7:27 of 1st period - Stopped by Frederik Andersen with a rebound.
7:39 of 1st period - Wrist shot by Elias Lindholm.
7:39 of 1st period - Shot Misses the Net.
9:22 of 1st period - Penalty to Ian Cole is over, Ian Cole is back on ice.
11:15 of 1st period - Jake Walman is hit by Ian Cole and loses puck.
11:29 of 1st period - Icing by Elias Lindholm.
11:30 of 1st period - Elias Lindholm wins face-off versus Barclay Goodrow in Canadiens zone.
11:46 of 1st period - Andrew Mangiapane is hit by Jonas Brodin and loses puck.
12:27 of 1st period - Wrist shot by Brandon Hagel.
12:27 of 1st period - Goal by Brandon Hagel - Canadiens : 1 - Kraken : 1.
12:28 of 1st period - Patrice Bergeron wins face-off versus Elias Lindholm in neutral zone.
12:35 of 1st period - Justin Faulk is hit by Jonas Brodin and loses puck.
12:54 of 1st period - Jonas Brodin is hit by Matt Duchene and loses puck.
14:58 of 1st period - Snap shot by Warren Foegele.
14:58 of 1st period - Stopped by Linus Ullmark without a rebound.
14:59 of 1st period - Radek Faksa wins face-off versus Elias Lindholm in Canadiens zone.
15:06 of 1st period - Snap shot by Warren Foegele.
15:06 of 1st period - Stopped by Linus Ullmark with a rebound.
15:07 of 1st period - Justin Holl beats up Ryan Nugent-Hopkins.
15:07 of 1st period - Penalty to Justin Holl for Fighting.
15:07 of 1st period - Penalty to Ryan Nugent-Hopkins for Fighting.
15:08 of 1st period - Patrice Bergeron wins face-off versus Elias Lindholm in Canadiens zone.
15:11 of 1st period - Snap shot by Patrice Bergeron.
15:11 of 1st period - Stopped by Linus Ullmark without a rebound.
15:12 of 1st period - Patrice Bergeron wins face-off versus Elias Lindholm in Canadiens zone.
15:15 of 1st period - Wrist shot by Oliver Bjorkstrand.
15:15 of 1st period - Stopped by Linus Ullmark with a rebound.
15:17 of 1st period - Backhand shot by Ian Cole.
15:17 of 1st period - Stopped by Linus Ullmark without a rebound.
15:18 of 1st period - Elias Lindholm wins face-off versus Oliver Bjorkstrand in Canadiens zone.
15:31 of 1st period - Snap shot by Matthew Tkachuk.
15:31 of 1st period - Stopped by Frederik Andersen with a rebound.
15:39 of 1st period - Slapshot by Patrice Bergeron.
15:39 of 1st period - Shot Misses the Net.
15:41 of 1st period - Backhand shot by Ryan Hartman.
15:41 of 1st period - Shot Blocked by Matthew Tkachuk.
15:43 of 1st period - Snap shot by Christopher Tanev.
15:43 of 1st period - Shot Blocked by K'Andre Miller.
15:45 of 1st period - Backhand shot by Christopher Tanev.
15:45 of 1st period - Shot Misses the Net.
15:47 of 1st period - Wrist shot by Oliver Bjorkstrand.
15:47 of 1st period - Stopped by Linus Ullmark without a rebound.
15:48 of 1st period - Max Domi wins face-off versus Barclay Goodrow in Canadiens zone.
15:56 of 1st period - Off-side.
15:57 of 1st period - Barclay Goodrow wins face-off versus Max Domi in neutral zone.
16:04 of 1st period - Snap shot by David Perron.
16:04 of 1st period - Stopped by Linus Ullmark with a rebound.
16:16 of 1st period - Wrist shot by Max Domi.
16:16 of 1st period - Shot Misses the Net.
16:38 of 1st period - Snap shot by Vladimir Tarasenko.
16:38 of 1st period - Shot Misses the Net.
17:02 of 1st period - Max Domi is hit by Vladimir Tarasenko and loses puck.
17:38 of 1st period - Wrist shot by Andrew Mangiapane.
17:38 of 1st period - Shot Misses the Net.
17:40 of 1st period - Backhand shot by Jonas Siegenthaler.
17:40 of 1st period - Stopped by Frederik Andersen without a rebound.
17:41 of 1st period - Matt Duchene wins face-off versus Oliver Bjorkstrand in Kraken zone.
17:42 of 1st period - Snap shot by Brandon Hagel.
17:42 of 1st period - Stopped by Frederik Andersen with a rebound.
17:57 of 1st period - K'Andre Miller is hit by Christopher Tanev and loses puck.
18:57 of 1st period - Icing by Connor Murphy.
18:58 of 1st period - Radek Faksa wins face-off versus Elias Lindholm in Kraken zone.
Goals for this period are 1 for Canadiens vs 1 for Kraken.
Shots for this period are 8 for Canadiens vs 8 for Kraken.

2nd period


0:01 of 2nd period - Patrice Bergeron wins face-off versus Matt Duchene in neutral zone.
0:59 of 2nd period - Backhand shot by Warren Foegele.
0:59 of 2nd period - Stopped by Linus Ullmark without a rebound.
1:00 of 2nd period - Ryan Hartman wins face-off versus Matt Duchene in Canadiens zone.
1:17 of 2nd period - Jonas Siegenthaler is hit by Oliver Bjorkstrand and loses puck.
2:18 of 2nd period - Brandon Hagel is hit by Ryan Hartman and loses puck.
3:04 of 2nd period - Warren Foegele is hit by Blake Coleman and loses puck.
3:09 of 2nd period - Snap shot by Max Domi.
3:09 of 2nd period - Shot Misses the Net.
3:11 of 2nd period - Wrist shot by Andrew Mangiapane.
3:11 of 2nd period - Shot Misses the Net.
3:13 of 2nd period - Slapshot by Max Domi.
3:13 of 2nd period - Shot Misses the Net.
3:50 of 2nd period - Off-side.
3:51 of 2nd period - Elias Lindholm wins face-off versus David Perron in neutral zone.
4:18 of 2nd period - Jake Walman is hit by Jonas Brodin and loses puck.
4:46 of 2nd period - Matt Duchene is hit by Ian Cole and loses puck.
5:09 of 2nd period - Minor Penalty to Jonas Siegenthaler for Hooking.
5:10 of 2nd period - Elias Lindholm wins face-off versus Patrice Bergeron in Canadiens zone.
5:10 of 2nd period - Elias Lindholm is hit by Ryan Hartman.
5:38 of 2nd period - Minor Penalty to Ryan Hartman for Holding.
5:39 of 2nd period - Elias Lindholm wins face-off versus Barclay Goodrow in Kraken zone.
6:23 of 2nd period - Icing by Oliver Bjorkstrand.
6:24 of 2nd period - Elias Lindholm wins face-off versus Oliver Bjorkstrand in Kraken zone.
7:09 of 2nd period - Penalty to Jonas Siegenthaler is over, Jonas Siegenthaler is back on ice.
7:20 of 2nd period - Seth Jones is hit by Matt Duchene and loses puck.
7:38 of 2nd period - Penalty to Ryan Hartman is over, Ryan Hartman is back on ice.
8:27 of 2nd period - K'Andre Miller is hit by Ryan Hartman and loses puck.
8:45 of 2nd period - Justin Holl is hit by Brandon Hagel and loses puck.
8:58 of 2nd period - Wrist shot by Warren Foegele.
8:58 of 2nd period - Shot Misses the Net.
9:00 of 2nd period - Slapshot by Warren Foegele.
9:00 of 2nd period - Stopped by Linus Ullmark without a rebound.
9:01 of 2nd period - Elias Lindholm wins face-off versus Warren Foegele in Canadiens zone.
9:08 of 2nd period - Christopher Tanev is hit by Matthew Tkachuk and loses puck.
9:30 of 2nd period - Backhand shot by Blake Coleman.
9:30 of 2nd period - Shot Blocked by Connor Murphy.
9:32 of 2nd period - Backhand shot by Jonas Siegenthaler.
9:32 of 2nd period - Stopped by Frederik Andersen without a rebound.
9:33 of 2nd period - Patrice Bergeron wins face-off versus Matt Duchene in Kraken zone.
10:00 of 2nd period - Wrist shot by Matthew Tkachuk.
10:00 of 2nd period - Shot Misses the Net.
10:02 of 2nd period - Wrist shot by Matthew Tkachuk.
10:02 of 2nd period - Shot Misses the Net.
10:04 of 2nd period - Slapshot by Ryan Nugent-Hopkins.
10:04 of 2nd period - Goal by Ryan Nugent-Hopkins - Canadiens : 2 - Kraken : 1.
10:05 of 2nd period - Patrice Bergeron wins face-off versus Matt Duchene in neutral zone.
10:12 of 2nd period - Slapshot by Oliver Bjorkstrand.
10:12 of 2nd period - Shot Blocked by Brandon Hagel.
10:14 of 2nd period - Snap shot by Jonas Brodin.
10:14 of 2nd period - Stopped by Linus Ullmark without a rebound.
10:15 of 2nd period - Matt Duchene wins face-off versus Patrice Bergeron in Canadiens zone.
10:24 of 2nd period - Slapshot by Matt Duchene.
10:24 of 2nd period - Deflect By Patrice Bergeron.
10:24 of 2nd period - Shot Misses the Net.
10:24 of 2nd period - Puck is out of play.
10:25 of 2nd period - Elias Lindholm wins face-off versus Patrice Bergeron in Kraken zone.
11:01 of 2nd period - Wrist shot by Patrice Bergeron.
11:01 of 2nd period - Stopped by Linus Ullmark with a rebound.
11:03 of 2nd period - Wrist shot by Christopher Tanev.
11:03 of 2nd period - Shot Misses the Net.
11:13 of 2nd period - Snap shot by Patrice Bergeron.
11:13 of 2nd period - Shot Misses the Net.
11:15 of 2nd period - Wrist shot by Ryan Hartman.
11:15 of 2nd period - Stopped by Linus Ullmark with a rebound.
11:17 of 2nd period - Slapshot by Patrice Bergeron.
11:17 of 2nd period - Stopped by Linus Ullmark without a rebound.
11:18 of 2nd period - Barclay Goodrow wins face-off versus Elias Lindholm in Canadiens zone.
12:46 of 2nd period - Slapshot by Ryan Hartman.
12:46 of 2nd period - Shot Blocked by Justin Faulk.
13:28 of 2nd period - Seth Jones is hit by K'Andre Miller and loses puck.
13:43 of 2nd period - Snap shot by Matias Maccelli.
13:43 of 2nd period - Shot Blocked by Ryan Hartman.
13:49 of 2nd period - Snap shot by Noel Acciari.
13:49 of 2nd period - Shot Misses the Net.
14:17 of 2nd period - Slapshot by Noel Acciari.
14:17 of 2nd period - Shot Misses the Net.
14:25 of 2nd period - Snap shot by Noel Acciari.
14:25 of 2nd period - Shot Misses the Net.
14:37 of 2nd period - Slapshot by Seth Jones.
14:37 of 2nd period - Shot Misses the Net.
14:39 of 2nd period - Slapshot by Seth Jones.
14:39 of 2nd period - Shot Blocked by Jake Walman.
14:49 of 2nd period - Seth Jones is hit by Matias Maccelli and loses puck.
14:56 of 2nd period - Snap shot by Ryan Hartman.
14:56 of 2nd period - Stopped by Linus Ullmark with a rebound.
14:58 of 2nd period - Wrist shot by Oliver Bjorkstrand.
14:58 of 2nd period - Shot Blocked by Matias Maccelli.
15:00 of 2nd period - Snap shot by Patrice Bergeron.
15:00 of 2nd period - Shot Blocked by Matias Maccelli.
15:10 of 2nd period - Wrist shot by Patrice Bergeron.
15:10 of 2nd period - Shot Misses the Net.
15:12 of 2nd period - Slapshot by Ryan Hartman.
15:12 of 2nd period - Shot Blocked by Matias Maccelli.
15:14 of 2nd period - Slapshot by Jonas Brodin.
15:14 of 2nd period - Stopped by Linus Ullmark without a rebound.
15:15 of 2nd period - Vladimir Tarasenko wins face-off versus Elias Lindholm in Canadiens zone.
16:56 of 2nd period - Christopher Tanev is hit by Vladislav Gavrikov and loses puck.
18:11 of 2nd period - Ryan Nugent-Hopkins is hit by Connor Murphy and loses puck.
18:21 of 2nd period - Icing by Alexei Toropchenko.
18:22 of 2nd period - Brandon Hagel wins face-off versus Vladimir Tarasenko in Kraken zone.
19:08 of 2nd period - Ryan Hartman is hit by Vladislav Gavrikov and loses puck.
19:30 of 2nd period - Icing by Vladimir Tarasenko.
19:31 of 2nd period - Ryan Hartman wins face-off versus Elias Lindholm in Kraken zone.
19:44 of 2nd period - Slapshot by Patrice Bergeron.
19:44 of 2nd period - Shot Misses the Net.
Goals for this period are 1 for Canadiens vs 0 for Kraken.
Shots for this period are 2 for Canadiens vs 8 for Kraken.

3rd period


0:01 of 3rd period - Patrice Bergeron wins face-off versus Elias Lindholm in neutral zone.
0:04 of 3rd period - Slapshot by Christopher Tanev.
0:04 of 3rd period - Shot Blocked by Justin Faulk.
0:06 of 3rd period - Slapshot by Patrice Bergeron.
0:06 of 3rd period - Stopped by Linus Ullmark with a rebound.
0:08 of 3rd period - Snap shot by Patrice Bergeron.
0:08 of 3rd period - Stopped by Linus Ullmark with a rebound.
0:10 of 3rd period - Wrist shot by Ryan Hartman.
0:10 of 3rd period - Deflect By Patrice Bergeron.
0:10 of 3rd period - Shot Misses the Net.
0:10 of 3rd period - Puck is out of play.
0:11 of 3rd period - Matt Duchene wins face-off versus Patrice Bergeron in Canadiens zone.
0:16 of 3rd period - Snap shot by Matt Duchene.
0:16 of 3rd period - Stopped by Frederik Andersen with a rebound.
0:18 of 3rd period - Slapshot by K'Andre Miller.
0:18 of 3rd period - Deflect By Patrice Bergeron.
0:18 of 3rd period - Stopped by Frederik Andersen with a rebound.
0:20 of 3rd period - Slapshot by Vladislav Gavrikov.
0:20 of 3rd period - Stopped by Frederik Andersen without a rebound.
0:21 of 3rd period - Patrice Bergeron wins face-off versus Matt Duchene in Kraken zone.
0:30 of 3rd period - Snap shot by Patrice Bergeron.
0:30 of 3rd period - Shot Misses the Net.
0:36 of 3rd period - Snap shot by Brandon Hagel.
0:36 of 3rd period - Stopped by Frederik Andersen with a rebound.
0:38 of 3rd period - Slapshot by K'Andre Miller.
0:38 of 3rd period - Shot Misses the Net.
0:40 of 3rd period - Wrist shot by Vladislav Gavrikov.
0:40 of 3rd period - Deflect By Oliver Bjorkstrand.
0:40 of 3rd period - Stopped by Frederik Andersen without a rebound.
0:41 of 3rd period - Barclay Goodrow wins face-off versus Elias Lindholm in Kraken zone.
1:08 of 3rd period - Patrice Bergeron is hit by Brandon Hagel and loses puck.
1:15 of 3rd period - Snap shot by Brandon Hagel.
1:15 of 3rd period - Goal by Brandon Hagel - Canadiens : 3 - Kraken : 1.
1:16 of 3rd period - Elias Lindholm wins face-off versus Patrice Bergeron in neutral zone.
1:33 of 3rd period - Snap shot by Oliver Bjorkstrand.
1:33 of 3rd period - Shot Blocked by Matthew Tkachuk.
1:48 of 3rd period - Snap shot by Brandon Hagel.
1:48 of 3rd period - Shot Blocked by Seth Jones.
2:08 of 3rd period - Snap shot by Warren Foegele.
2:08 of 3rd period - Shot Blocked by Blake Coleman.
2:10 of 3rd period - Wrist shot by Warren Foegele.
2:10 of 3rd period - Stopped by Linus Ullmark with a rebound.
2:12 of 3rd period - Wrist shot by Justin Holl.
2:12 of 3rd period - Stopped by Linus Ullmark with a rebound.
2:14 of 3rd period - Slapshot by Connor Murphy.
2:14 of 3rd period - Shot Misses the Net.
2:16 of 3rd period - Snap shot by Justin Holl.
2:16 of 3rd period - Shot Blocked by Justin Faulk.
2:20 of 3rd period - Snap shot by Radek Faksa.
2:20 of 3rd period - Stopped by Linus Ullmark without a rebound.
2:21 of 3rd period - Elias Lindholm wins face-off versus Patrice Bergeron in Canadiens zone.
2:26 of 3rd period - Wrist shot by Matthew Tkachuk.
2:26 of 3rd period - Shot Misses the Net.
2:28 of 3rd period - Wrist shot by Ryan Nugent-Hopkins.
2:28 of 3rd period - Shot Blocked by Oliver Bjorkstrand.
2:35 of 3rd period - Icing by Ian Cole.
2:36 of 3rd period - Matt Duchene wins face-off versus Patrice Bergeron in Kraken zone.
2:39 of 3rd period - Snap shot by Mathew Barzal.
2:39 of 3rd period - Deflect By Matt Duchene.
2:39 of 3rd period - Stopped by Frederik Andersen without a rebound.
2:40 of 3rd period - Patrice Bergeron wins face-off versus Matt Duchene in Kraken zone.
2:40 of 3rd period - Patrice Bergeron is hit by Matt Duchene.
2:52 of 3rd period - Wrist shot by Patrice Bergeron.
2:52 of 3rd period - Stopped by Linus Ullmark without a rebound.
2:53 of 3rd period - Elias Lindholm wins face-off versus Patrice Bergeron in Canadiens zone.
2:53 of 3rd period - Elias Lindholm is hit by Christopher Tanev.
3:15 of 3rd period - Minor Penalty to Ryan Nugent-Hopkins for Hooking.
3:16 of 3rd period - Brandon Hagel wins face-off versus Patrice Bergeron in Canadiens zone.
3:23 of 3rd period - Snap shot by Brandon Hagel.
3:23 of 3rd period - Stopped by Frederik Andersen with a rebound.
4:38 of 3rd period - David Perron is hit by Max Domi and loses puck.
4:45 of 3rd period - K'Andre Miller is hit by Ian Cole and loses puck.
5:15 of 3rd period - Penalty to Ryan Nugent-Hopkins is over, Ryan Nugent-Hopkins is back on ice.
5:36 of 3rd period - Slapshot by Mathew Barzal.
5:36 of 3rd period - Shot Misses the Net.
5:49 of 3rd period - Icing by David Perron.
5:50 of 3rd period - Max Domi wins face-off versus Barclay Goodrow in Kraken zone.
7:02 of 3rd period - Snap shot by Matt Duchene.
7:02 of 3rd period - Shot Blocked by Justin Holl.
7:04 of 3rd period - Snap shot by Brandon Hagel.
7:04 of 3rd period - Shot Misses the Net.
7:06 of 3rd period - Wrist shot by Matt Duchene.
7:06 of 3rd period - Shot Blocked by Ryan Hartman.
8:31 of 3rd period - Jonas Brodin is hit by K'Andre Miller and loses puck.
9:19 of 3rd period - Christopher Tanev is hit by Mathew Barzal and loses puck.
11:06 of 3rd period - Curtis Lazar is hit by Andrew Mangiapane and loses puck.
11:25 of 3rd period - David Perron is hit by Brandon Hagel and loses puck.
12:12 of 3rd period - Minor Penalty to Ryan Nugent-Hopkins for Hooking.
12:13 of 3rd period - Elias Lindholm wins face-off versus Ryan Hartman in Canadiens zone.
13:19 of 3rd period - Slapshot by K'Andre Miller.
13:19 of 3rd period - Deflect By Patrice Bergeron.
13:19 of 3rd period - Stopped by Frederik Andersen without a rebound.
13:20 of 3rd period - Patrice Bergeron wins face-off versus Noel Acciari in Kraken zone.
13:58 of 3rd period - Snap shot by Vladislav Gavrikov.
13:58 of 3rd period - Deflect By Seth Jones.
13:58 of 3rd period - Stopped by Frederik Andersen with a rebound.
14:12 of 3rd period - Penalty to Ryan Nugent-Hopkins is over, Ryan Nugent-Hopkins is back on ice.
14:18 of 3rd period - Wrist shot by Ryan Hartman.
14:18 of 3rd period - Shot Misses the Net.
14:20 of 3rd period - Snap shot by Warren Foegele.
14:20 of 3rd period - Shot Misses the Net.
14:24 of 3rd period - Snap shot by Warren Foegele.
14:24 of 3rd period - Deflect By Curtis Lazar.
14:24 of 3rd period - Shot Misses the Net.
14:24 of 3rd period - Puck is out of play.
14:25 of 3rd period - Radek Faksa wins face-off versus Matt Duchene in Canadiens zone.
14:36 of 3rd period - Snap shot by Matt Duchene.
14:36 of 3rd period - Shot Misses the Net.
14:38 of 3rd period - Wrist shot by Mathew Barzal.
14:38 of 3rd period - Stopped by Frederik Andersen with a rebound.
15:16 of 3rd period - Snap shot by Patrice Bergeron.
15:16 of 3rd period - Stopped by Linus Ullmark without a rebound.
15:17 of 3rd period - Patrice Bergeron wins face-off versus Elias Lindholm in Canadiens zone.
15:46 of 3rd period - Snap shot by Matthew Tkachuk.
15:46 of 3rd period - Shot Blocked by Christopher Tanev.
15:48 of 3rd period - Backhand shot by Elias Lindholm.
15:48 of 3rd period - Shot Blocked by Ian Cole.
16:00 of 3rd period - K'Andre Miller is hit by Barclay Goodrow and loses puck.
16:13 of 3rd period - Snap shot by Elias Lindholm.
16:13 of 3rd period - Stopped by Frederik Andersen without a rebound.
16:14 of 3rd period - Matt Duchene wins face-off versus Patrice Bergeron in Kraken zone.
16:15 of 3rd period - Wrist shot by Brandon Hagel.
16:15 of 3rd period - Deflect By Mathew Barzal.
16:15 of 3rd period - Stopped by Frederik Andersen with a rebound.
16:21 of 3rd period - Jonas Siegenthaler is hit by Patrice Bergeron and loses puck.
17:09 of 3rd period - Max Domi is hit by Warren Foegele and loses puck.
17:30 of 3rd period - Christopher Tanev is hit by Ryan Nugent-Hopkins.
17:52 of 3rd period - Backhand shot by Vladimir Tarasenko.
17:52 of 3rd period - Deflect By Patrice Bergeron.
17:52 of 3rd period - Stopped by Linus Ullmark with a rebound.
17:54 of 3rd period - Wrist shot by Oliver Bjorkstrand.
17:54 of 3rd period - Stopped by Linus Ullmark without a rebound.
17:55 of 3rd period - Elias Lindholm wins face-off versus Patrice Bergeron in Canadiens zone.
17:55 of 3rd period - Elias Lindholm is hit by Patrice Bergeron.
18:04 of 3rd period - Icing by Jonas Brodin.
18:05 of 3rd period - David Perron wins face-off versus Matt Duchene in Kraken zone.
18:05 of 3rd period - David Perron is hit by Matt Duchene.
18:15 of 3rd period - Vladislav Gavrikov is hit by Jonas Brodin and loses puck.
18:36 of 3rd period - Wrist shot by Oliver Bjorkstrand.
18:36 of 3rd period - Shot Misses the Net.
18:38 of 3rd period - Slapshot by Christopher Tanev.
18:38 of 3rd period - Stopped by Linus Ullmark without a rebound.
18:39 of 3rd period - Patrice Bergeron wins face-off versus Matt Duchene in Canadiens zone.
18:48 of 3rd period - Snap shot by Matt Duchene.
18:48 of 3rd period - Stopped by Frederik Andersen with a rebound.
19:20 of 3rd period - Snap shot by Matthew Tkachuk.
19:20 of 3rd period - Deflect By Jonas Brodin.
19:20 of 3rd period - Shot Blocked by Vladimir Tarasenko.
19:20 of 3rd period - Puck is out of play.
19:21 of 3rd period - Andrew Mangiapane wins face-off versus Vladimir Tarasenko in Kraken zone.
19:34 of 3rd period - Snap shot by Barclay Goodrow.
19:34 of 3rd period - Shot Blocked by Max Domi.
19:36 of 3rd period - Slapshot by Seth Jones.
19:36 of 3rd period - Shot Misses the Net.
19:38 of 3rd period - Wrist shot by Jonas Brodin.
19:38 of 3rd period - Shot Misses the Net.
19:48 of 3rd period - Matthew Tkachuk is hit by Oliver Bjorkstrand and loses puck.
Goals for this period are 1 for Canadiens vs 0 for Kraken.
Shots for this period are 14 for Canadiens vs 10 for Kraken.